Map: Waterfall

Players

WAZPINATOR - Winner!

  • Race: Zerg Zerg
  • League: Diamond
  • Spawn Location: 7:00

PopitGht

  • Race: Terran Terran
  • League: Diamond
  • Spawn Location: 1:00

VOD

Have the link to the VOD?

Description

Time

  • Played on: Oct. 22, 2022, 4:27 a.m.
  • Length: 5:00
Show
View Real Time Build Order
Export as new Build Order

WAZPINATOR Zerg - Winner!

Build Orders: Hatch First 

Get SALT Encoding   

  12  0:00  Drone  
  13  0:12  Overlord  
  13  0:17  Drone  
  14  0:30  Drone x2  
  16  0:50  Hatchery  
  16  0:52  Drone  
  16  0:56  Drone  
  17  0:59  Drone  
  17  1:03  Extractor  
  17  1:16  Spawning Pool  
  16  1:19  Drone  
  17  1:26  Drone  
  17  1:28  Drone  
  19  1:40  Evolution Chamber  
  19  1:41  Drone  
  19  1:50  Drone  
  20  2:04  Queen x2  
  24  2:09  Zerg Melee Weapons Level 1  
  24  2:11  Zergling x2  
  25  2:16  Zergling x2  
  25  2:20  Overlord  
  26  2:32  Drone x2  
  26  2:36  Overlord  
  28  2:40  Metabolic Boost  
  28  2:46  Drone  
  29  2:57  Drone  
  30  2:58  Zergling x2  
  30  2:59  Zergling x6  
  34  3:13  Zergling x8  
  38  3:23  Hatchery  
  38  3:24  Zergling x2  
  38  3:30  Overlord  
  38  3:32  Zergling x2  
  38  3:33  Zergling x2  
  40  3:38  Zergling x4  
  42  3:42  Zergling x2  
  43  3:48  Zergling x4  
  43  3:49  Zergling x4  
  43  3:52  Overlord  
  43  3:55  Zergling x2  
  48  3:59  Zergling x4  
  50  4:04  Zergling x4  
  50  4:07  Zergling x2  
  50  4:15  Zergling x2  
  50  4:20  Zergling x8  
  53  4:26  Zergling x2  
  53  4:30  Zergling x6  
  57  4:32  Zergling x2  
  57  4:35  Zergling x2  
  58  4:38  Zergling x2  
  60  4:56  Spore Crawler  
  60  4:58  Spore Crawler x2  
  57  5:00  Spore Crawler  
Show
View Real Time Build Order
Export as new Build Order

PopitGht Terran 

Build Orders: 1/1/1 

Get SALT Encoding   

  12  0:01  SCV  
  13  0:13  SCV  
  14  0:17  Supply Depot  
  14  0:25  SCV  
  15  0:39  SCV, Barracks  
  16  0:44  Refinery  
  16  0:51  SCV  
  16  0:54  Refinery  
  17  1:03  SCV  
  18  1:15  SCV  
  19  1:27  Orbital Command  
  19  1:28  Supply Depot  
  19  1:29  Marine  
  20  1:38  Factory  
  20  1:46  Marine  
  20  1:53  SCV  
  22  2:04  Marine  
  22  2:05  SCV  
  24  2:17  SCV  
  25  2:24  Marine, Starport  
  25  2:26  Widow Mine  
  28  2:32  SCV  
  29  2:40  Supply Depot  
  29  2:41  Marine  
  30  2:48  SCV  
  31  3:01  Marine  
  31  3:03  Fusion Core, Starport Tech Lab  
  31  3:04  Widow Mine  
  34  3:08  SCV  
  35  3:21  Command Center  
  35  3:28  Medivac  
  35  3:33  Marine  
  38  3:41  Supply Depot, SCV  
  39  4:04  Supply Depot  
  34  4:10  Marine  
  36  4:23  SCV  
  26  4:27  Marine  
  18  4:38  SCV  
Tags
 
Add a new tag
Caveats
  • Supply blocks, unpowered buildings, or Contaminate may cause inaccurate times.
  • Supply counts are checked every 10 seconds.